 Dungeon Crawl Stone Soup version 0.30-a0-918-g0ff054e9dc (webtiles) character file.

Game seed: 13306062572619671608

17599 holysushi the Spry (level 12, -11/52 (53) HPs)
             Began as a Felid Artificer on Mar 20, 2023.
             Was the Champion of Wu Jian.
             Mangled by an orc warrior
             ... wielding a +0 dire flail
             ... led by an orc knight
              (19 damage)
             ... while paralysed by an orc sorcerer
             ... on level 1 of the Orcish Mines.
             The game lasted 01:01:20 (25549 turns).

holysushi the Spry (Felid Artificer)               Turns: 25549, Time: 01:01:20

HP:   -11/52 (53)   AC:  3    Str:  8    XL:     12   Next: 20%
MP:   16/16         EV:  4    Int: 14    God:    Wu Jian [******]
Gold: 292           SH:  0    Dex: 26    Spells: 3/15 levels left
                                        Lives: 0   Deaths: 3

rFire   + + .      SeeInvis +      - Unarmed
rCold   + . .      Faith    +    (shield unavailable)
rNeg    . . .      Spirit   .    (body armour unavailable)
rPois   .          Reflect  .    (helmet unavailable)
rElec   .          Rampage  .    (cloak unavailable)
rCorr   .                        (gloves unavailable)
Will    +....                    (boots unavailable)
Stlth   ++++++                   h - amulet of the Sunfish {Faith rF++}
HPRegen 0.28/turn                d - +5 ring of evasion
MPRegen 0.15/turn                p - +6 ring of dexterity

@: paralysed, lightly drained, quick
A: very small, claws 1, fangs 3, see invisible, speed 1, shaggy fur 3, stealthy
paws, no weapons or thrown items, no armour, multi-lived
a: Renounce Religion, Wall Jump, Serpent's Lash, Heavenly Storm


You were on level 1 of the Orcish Mines.
You worshipped Wu Jian.
Wu Jian was exalted by your worship.
You visited 5 branches of the dungeon, and saw 19 of its levels.
You visited the Abyss 1 time.

You collected 1790 gold pieces.
You spent 1498 gold pieces at shops.

Inventory:

Jewellery
 d - a +5 ring of evasion (left paw)
 g - a +6 ring of intelligence
 h - the amulet of the Sunfish (around neck) {Faith rF++}
   (You found it on level 5 of the Dungeon)

   [amulet of faith]

   It allows you to gain divine favour quickly.
   rF:        It greatly protects you from fire.
 n - a ring of positive energy
 p - a +6 ring of dexterity (right paw)
 B - an amulet of regeneration
 I - a ring of protection from fire
Wands
 a - a wand of flame (7) (quivered)
 b - a wand of charming (14)
 c - a wand of iceblast (13)
 x - a wand of mindburst (3)
 A - a wand of digging (4)
 F - a wand of paralysis (1)
 H - a wand of polymorph (5)
Scrolls
 e - 2 scrolls of silence
 t - 6 scrolls of teleportation
 v - 4 scrolls of fear
 w - 8 scrolls of immolation
 y - a scroll of fog
 C - 2 scrolls of amnesia {unknown}
 E - 2 scrolls of magic mapping {unknown}
 G - a scroll of vulnerability {unknown}
Potions
 f - a potion of lignification
 i - 2 potions of might
 j - a potion of ambrosia
 k - a potion of haste
 m - 2 potions of attraction
 o - a potion of flight
 q - 4 potions of brilliance
 s - 3 potions of resistance
 u - 2 potions of invisibility
 z - 3 potions of cancellation
 D - 6 potions of heal wounds


   Skills:
 - Level 6.7 Fighting
 - Level 15.0 Dodging
 - Level 12.0 Stealth
 - Level 14.2 Unarmed Combat
 - Level 2.0 Spellcasting
 - Level 10.0 Hexes
 + Level 7.2 Translocations
 - Level 2.0 Ice Magic
 - Level 3.7 Evocations


You had 3 spell levels left.
You knew the following spells:

 Your Spells              Type           Power      Damage    Failure   Level
a - Apportation           Tloc           42%        N/A       1%          1
b - Ensorcelled Hibernat  Hex/Ice        36%        N/A       3%          2
c - Manifold Assault      Tloc           21%        N/A       12%         4
d - Inner Flame           Hex/Fire       15%        N/A       9%          3
e - Blink                 Tloc           42%        N/A       1%          2

Your spell library contained the following spells:

 Spells                   Type           Power      Damage    Failure   Level
 Slow                     Hex            100%       N/A       1%          1
 Confusing Touch          Hex            29%        N/A       1%          3
 Summon Guardian Golem    Hex/Summ       15%        N/A       9%          3
 Necrotise                Necr           4%         1d4       24%         1
 Summon Small Mammal      Summ           4%         N/A       24%         1
 Ozocubu's Armour         Ice            7%         N/A       30%         3
 Passwall                 Tmut/Erth      0%         N/A       34%         2
 Sublimation of Blood     Necr           1%         N/A       34%         2
 Wereblood                Tmut           1%         N/A       34%         2
 Call Canine Familiar     Summ           1%         N/A       56%         3
 Swiftness                Air            1%         N/A       56%         3
 Vampiric Draining        Necr           1%         2d6       56%         3
 Passage of Golubria      Tloc           21%        N/A       12%         4
 Metabolic Englaciation   Hex/Ice        9%         N/A       50%         5
 Silence                  Hex/Air        7%         N/A       63%         5
 Flame Wave               Conj/Fire      1%         2d4       93%         4
 Sticky Flame             Conj/Fire      1%         2d3       93%         4
 Simulacrum               Ice/Necr       2%         N/A       100%        6
 Orb of Destruction       Conj           0%         9d5       100%        7
 Spellforged Servitor     Conj/Summ      0%         N/A       100%        7
 Storm Form               Tmut/Air       0%         N/A       100%        7
 Summon Hydra             Summ           0%         N/A       100%        7
 Lehudib's Crystal Spear  Conj/Erth      0%         10d2      100%        8


Dungeon Overview and Level Annotations

Branches:
Dungeon (10/15) Zot: 24716  Temple (1/1) D:6 Zot: 5927    Lair (5/5) D:8 Zot: 23887
  Swamp (0/4) Lair:3        Snake (0/4) Lair:3          Orc (2/2) D:10 Zot: 15199
    Elf (1/3) Orc:2 Zot: 5998
  Slime: Lair:4-5

Altars:
Ashenzari
Cheibriados
Dithmenos
Elyvilon
Fedhas
Gozag
Hepliaklqana
Kikubaaqudgha
Makhleb
Nemelex Xobeh
Okawaru
Qazlal
Ru
Sif Muna
Trog
Uskayaw
Vehumet
Wu Jian
Xom
Yredelemnul
Zin
The Shining One

Shops:
D:3 ?   D:5 [   D:7 (   D:8 [   Orc:1 **   Orc:2 =!(?

Annotations:
D:3 1 runed translucent door, Crazy Yiuf
D:4 Edmund
D:5 1 runed translucent door, a11behringer's ghost, novice FoFi
D:8 2 transporters
D:9 exclusion: 2 wizards
Lair:3 exclusions: downstairs, tyrant leech and 4 more exclusions
Lair:4 exclusion: oklob plant
Orc:1 2 runed translucent doors, exclusion: orange crystal statue
Orc:2 exclusion: downstairs


Innate Abilities, Weirdness & Mutations

You have sharp claws.
You have razor-sharp teeth.
You have supernaturally acute eyesight. (SInv)
You cover ground quickly. (Speed+)
Your thick and shaggy fur keeps you warm. (AC +3, rC+)
Your paws help you pounce on unaware monsters.
You are incapable of wielding weapons or throwing items.
You cannot wear armour.
You gain extra lives every three experience levels.


Message History

An ogre is nearby!
An ogre is nearby!
An ogre is nearby!
An ogre is nearby!
The helpless ogre fails to defend itself.
You eviscerate the ogre!!!!
You kill the ogre!
The Council accepts your kill.
Things that are here:
a +0 giant spiked club; an ogre corpse
There is a shimmering altar of Xom here.
Done exploring.
Done exploring.
Done exploring.
Done exploring.
Done exploring.
(D) Dungeon (T) Temple (L) Lair (S) Swamp (P) Snake Pit (O) Orcish Mines (E) Elven Halls
Where to? (Enter - Orc:2 @ (x,y), ? - help)
There is a stone staircase leading down here.
You climb downwards.
Level annotation: exclusion: downstairs
There is a stone staircase leading up here.
There is a stone staircase leading up here.
You climb upwards.
Level annotation: 2 runed translucent doors, exclusion: orange crystal statue
There is a stone staircase leading down here.
The orc sorcerer shouts!
The orc warrior shouts!
The orc wizard shouts!
The orc wizard points at you and mumbles some strange words.
The magic dart hits you.
The orc warrior shouts!
You hear a shout!
The orc sorcerer casts a spell at you.
You suddenly lose the ability to move!
You stop descending the stairs.
The orc warrior hits you with a +0 dire flail!
The orc warrior hits you with a +0 dire flail!!
The orc wizard completely misses you.
The orc warrior hits you with a +0 scimitar!
* * * LOW HITPOINT WARNING * * *
The orc warrior hits you with a +0 dire flail!!
You die...

##o.$. ####...#
.. ###.#...## ...
#......o.# ##...
###.....####.....
##.$....#......
#...o.........
##...oo......#
###.o@...####
#$.....# ###....#
#...## ##.## ##


You could see an orc sorcerer, 2 orc warriors, an orc wizard and an orc.

Vanquished Creatures
  An orc warlord (Orc:1)
  Snorg (Orc:2)
  A hydra (Lair:4)
  A two-headed ogre (D:8)
  A thrashing horror (Abyss:2)
  3 death yaks (Lair:2)
  2 starcursed masses (Abyss:2)
  Pikel (D:5)
  An orc knight (Orc:2)
  9 orc sorcerers (Orc:2)
  A worldbinder (Abyss:2)
  2 black mambas
  5 elephants
  A guardian serpent (Lair:3)
  5 cane toads
  Psyche (D:9)
  7 komodo dragons
  A rime drake (Lair:3)
  4 trolls
  A polar bear (Lair:4)
  Grinder (D:4)
  Prince Ribbit (D:6)
  6 blink frogs (Lair:4)
  Sigmund (D:2)
  Eustachio (D:6)
  19 yaks
  A wyvern (Lair:3)
  A basilisk (Lair:2)
  4 steam dragons
  A chaos spawn (Abyss:2)
  5 wargs
  7 water moccasins
  3 sky beasts
  19 orc warriors
  3 ice beasts
  10 ogres
  2 black bears (D:8)
  2 centaurs
  3 phantoms
  4 wolves (Lair:5)
  3 kobold brigands
  7 bullfrogs
  5 scorpions
  7 gnoll sergeants
  10 wights
  2 small abominations (Abyss:2)
  8 killer bees (D:8)
  An electric eel (Lair:2)
  A howler monkey (D:10)
  A quasit (D:5)
  4 hounds
  7 orc priests
  An iron imp (Abyss:2)
  4 iguanas
  33 orc wizards
  A sleepcap (D:5)
  2 adders
  26 gnolls
  A shadow imp (D:7)
  2 worms
  5 dart slugs
  72 orcs
  3 bats
  3 endoplasms
  5 giant cockroaches
  25 hobgoblins
  A jackal (D:2)
  17 kobolds
  2 quokkas
  9 ball pythons
  A frilled lizard (D:1)
  28 goblins
  5 goblin zombies (D:6)
  3 hobgoblin zombies (D:6)
  A kobold skeleton (D:6)
  2 orc skeletons (D:6)
  An orc zombie (D:6)
  3 rats
  A butterfly (Lair:2)
456 creatures vanquished.

Vanquished Creatures (collateral kills)
  A black mamba (Lair:3)
  An orc (Orc:1)
2 creatures vanquished.

Vanquished Creatures (others)
  An orc (Orc:2)
  6 fungi
  14 plants
21 creatures vanquished.

Grand Total: 479 creatures vanquished

Notes
Turn   | Place    | Note
-------+----------+-------------------------------------------
     0 | D:1      | holysushi the Felid Artificer began the quest for the Orb.
     0 | D:1      | Reached XP level 1. HP: 9/9 MP: 2/2
   129 | D:1      | Reached skill level 1 in Unarmed Combat
   677 | D:1      | Reached XP level 2. HP: 11/12 MP: 3/3
  2538 | D:2      | Reached XP level 3. HP: 15/15 MP: 4/4
  2637 | D:2      | Noticed Sigmund
  2650 | D:2      | Killed Sigmund
  2651 | D:2      | Reached XP level 4. HP: 4/19 MP: 5/5
  2651 | D:2      | Reached XP level 5. HP: 5/22 MP: 6/6
  3057 | D:3      | Found a blossoming altar of Fedhas.
  3127 | D:3      | Found a glowing silver altar of Zin.
  3157 | D:3      | Found Cosozx Apof's Magic Scroll Boutique.
  3487 | D:2      | Reached skill level 5 in Unarmed Combat
  3487 | D:2      | Gained mutation: You are covered in thick fur. (AC +2)
                  | [Felid growth]
  3487 | D:2      | Reached XP level 6. HP: 12/25 MP: 7/7
  3809 | D:3      | Bought a scroll of blinking for 97 gold pieces
  3809 | D:3      | Bought a scroll of fear for 52 gold pieces
  3992 | D:3      | Found a broken altar of Ashenzari.
  4075 | D:3      | Found a runed translucent door.
  4076 | D:3      | Noticed Crazy Yiuf
  4775 | D:3      | Reached skill level 4 in Dodging
  5752 | D:4      | Noticed Edmund
  5767 | D:4      | Reached XP level 7. HP: 30/30 MP: 8/8
  5780 | D:4      | Noticed Grinder
  5782 | D:4      | Paralysed by Grinder for 4 turns
  5886 | D:3      | Reached skill level 5 in Dodging
  6064 | D:4      | Found a hide-covered altar of Uskayaw.
  6544 | D:4      | Killed Grinder
  6545 | D:4      | Reached skill level 5 in Stealth
  6601 | D:5      | Entered Level 5 of the Dungeon
  6839 | D:5      | Reached skill level 6 in Dodging
  6839 | D:5      | Reached XP level 8. HP: 33/33 MP: 9/9
  6992 | D:5      | Found Ysucusoxt's Armour Emporium.
  7017 | D:5      | Found a runed translucent door.
  7295 | D:5      | Identified the amulet of the Sunfish {Faith rF++}
  7312 | D:5      | Noticed Pikel
  7385 | D:5      | Killed Pikel
  7386 | D:5      | Reached skill level 7 in Dodging
  7585 | D:5      | Reached XP level 9. HP: 25/39 MP: 10/10
  7644 | D:5      | Learned a level 2 spell: Ensorcelled Hibernation
  7678 | D:5      | Noticed a11behringer's ghost (novice FoFi)
  8071 | D:6      | Reached skill level 1 in Hexes
  8155 | D:6      | Reached skill level 1 in Ice Magic
  8159 | D:6      | Reached skill level 1 in Spellcasting
  8184 | D:6      | Found a staircase to the Ecumenical Temple.
  8219 | Temple   | Entered the Ecumenical Temple
  8308 | Temple   | Became a worshipper of the Wu Jian Council
  8389 | D:6      | Found a glowing golden altar of the Shining One.
  8389 | D:6      | Noticed Eustachio
  8389 | D:6      | Noticed Prince Ribbit
  8502 | D:6      | Killed Prince Ribbit
  8503 | D:6      | Reached skill level 8 in Dodging
  8524 | D:6      | Killed Eustachio
  8864 | D:7      | Reached * piety under Wu Jian
  9000 | D:7      | Reached skill level 10 in Unarmed Combat
  9014 | D:7      | Found Soanesu's Weapon Shop.
  9609 | D:7      | Reached skill level 5 in Hexes
  9698 | D:8      | Noticed a fire dragon
  9699 | D:8      | Found a sparkling altar of Nemelex Xobeh.
  9699 | D:8      | Found a transporter.
  9700 | D:8      | Noticed a kobold demonologist
  9706 | D:8      | Found a transporter.
  9751 | D:8      | Found a staircase to the Lair.
  9793 | D:8      | Found Uvvuexur's Antique Armour Emporium.
  9796 | D:8      | Reached XP level 10. HP: 33/42 MP: 12/14
 10250 | D:8      | Found an ancient bone altar of Kikubaaqudgha.
 10285 | D:8      | Found a snail-covered altar of Cheibriados.
 10509 | D:9      | Noticed a two-headed ogre
 10540 | D:8      | Killed a two-headed ogre
 10761 | D:9      | Found a shadowy altar of Dithmenos.
 10894 | D:9      | Reached ** piety under Wu Jian
 10959 | D:9      | Found a runed translucent gate.
 10959 | D:9      | Found a runed translucent gate.
 10959 | D:9      | Found a runed translucent gate.
 10960 | D:9      | Noticed a green ugly thing
 10960 | D:9      | Noticed a brown ugly thing
 10967 | D:9      | Noticed a cyan ugly thing
 11024 | D:9      | Noticed a green ugly thing
 11025 | D:9      | Noticed a purple ugly thing
 11210 | D:9      | Noticed a wizard
 11237 | D:9      | Learned a level 3 spell: Inner Flame
 11238 | D:9      | Noticed a wizard
 11312 | D:9      | Found a bloodstained altar of Trog.
 11870 | D:9      | Noticed Psyche
 11871 | D:9      | Killed Psyche
 12220 | Abyss:2  | Cast into level 2 of the Abyss (a wizard)
 12280 | Abyss:2  | Noticed a worldbinder
 12287 | Abyss:2  | Noticed a thrashing horror
 12384 | Abyss:2  | Noticed a starcursed mass
 12406 | Abyss:2  | Noticed a worldbinder
 12413 | Abyss:2  | Killed a worldbinder
 12424 | Abyss:2  | Killed a starcursed mass
 12424 | Abyss:2  | Killed a starcursed mass
 12425 | Abyss:2  | Reached XP level 11. HP: 18/46 MP: 15/15
 12443 | Abyss:2  | Slain by a large abomination
 12444 | Abyss:2  | Reached XP level 10. HP: -1/42 MP: 14/14
 12477 | Abyss:2  | Noticed a lich
 12481 | Abyss:2  | Found a snail-covered altar of Cheibriados.
 12520 | Abyss:2  | Noticed a thrashing horror
 12537 | Abyss:2  | Killed a thrashing horror
 12540 | D:9      | Escaped the Abyss
 12550 | D:10     | Entered Level 10 of the Dungeon
 12565 | D:10     | Reached *** piety under Wu Jian
 12836 | D:10     | Reached skill level 10 in Stealth
 12876 | D:10     | Killed from afar by an orc priest
 12877 | D:10     | Reached XP level 9. HP: -6/39 MP: 13/13
 13002 | D:10     | Killed a troll
 13188 | D:10     | Found a radiant altar of Vehumet.
 13219 | D:10     | Found a staircase to the Orcish Mines.
 13219 | D:10     | Noticed a troll
 13410 | D:10     | Reached skill level 5 in Fighting
 13416 | D:10     | Reached skill level 9 in Dodging
 13487 | D:10     | Killed a troll
 13513 | D:10     | Reached XP level 10. HP: 44/44 MP: 14/14
 13627 | D:10     | Reached **** piety under Wu Jian
 14167 | D:10     | Found a staircase to the Orcish Mines.
 14185 | D:10     | Found a radiant altar of Vehumet.
 15218 | Lair:1   | Entered Level 1 of the Lair of Beasts
 15226 | Lair:1   | Noticed a cane toad
 15232 | Lair:1   | Killed a cane toad
 15595 | Lair:1   | You fall into a shaft and drop 1 floor!
 15754 | Lair:2   | Noticed a cane toad
 15760 | Lair:2   | Killed a cane toad
 15867 | Lair:2   | Reached skill level 10 in Dodging
 16194 | Lair:2   | Noticed a black mamba
 16198 | Lair:2   | Noticed a cane toad
 16252 | Lair:2   | Killed a cane toad
 16457 | Lair:2   | Killed a black mamba
 16458 | Lair:2   | Reached XP level 11. HP: 48/48 MP: 12/15
 17839 | Lair:3   | Noticed a death yak
 17840 | Lair:3   | Noticed a death yak
 17842 | Lair:3   | Noticed a death yak
 17851 | Lair:3   | Identified a scroll of acquirement
 17876 | Lair:3   | Acquired a +6 ring of intelligence
 17903 | Lair:2   | Killed a death yak
 17978 | Lair:3   | Found a staircase to the Snake Pit.
 17987 | Lair:3   | Found a staircase to the Swamp.
 18201 | Lair:2   | Killed a death yak
 18202 | Lair:2   | Reached skill level 11 in Dodging
 18202 | Lair:2   | Reached skill level 10 in Hexes
 18765 | Lair:2   | Killed a death yak
 19758 | Lair:4   | Noticed an oklob plant
 19863 | Lair:3   | Learned a level 1 spell: Apportation
 19866 | Lair:3   | Learned a level 2 spell: Blink
 19871 | Lair:3   | Learned a level 4 spell: Manifold Assault
 20208 | Lair:3   | Reached skill level 1 in Translocations
 20791 | Lair:4   | Reached skill level 12 in Dodging
 20801 | Lair:4   | Noticed a seven-headed hydra
 20981 | Lair:4   | Reached skill level 5 in Translocations
 20981 | Lair:4   | Gained mutation: Your thick and shaggy fur keeps you warm.
                  | (AC +3, rC+) [Felid growth]
 20981 | Lair:4   | Reached XP level 12. HP: 52/52 MP: 13/16
 21117 | Lair:4   | Killed a seven-headed hydra
 21849 | Lair:5   | Entered Level 5 of the Lair of Beasts
 22274 | Orc:1    | Entered Level 1 of the Orcish Mines
 22274 | Orc:1    | Found a runed translucent door.
 22327 | Orc:1    | Found the +10 tower shield of Ignorance {rN+ Int-4}
 22336 | Orc:1    | Found a runed translucent door.
 22337 | Orc:1    | Found Numunelu's General Store.
 22340 | Orc:1    | Reached ***** piety under Wu Jian
 22352 | Orc:1    | Bought a scroll of teleportation for 39 gold pieces
 22352 | Orc:1    | Bought a potion of invisibility for 104 gold pieces
 22650 | Orc:2    | Entered Level 2 of the Orcish Mines
 22652 | Orc:2    | Noticed an orc warlord
 22782 | Orc:1    | Killed an orc warlord
 22942 | Orc:2    | Paralysed by an orc sorcerer for 2 turns
 22943 | Orc:2    | HP: 1/53 [orc warrior/bolt[an orc warlord] (10)]
 22944 | Orc:2    | Mangled by an orc warrior
 22945 | Orc:2    | Reached XP level 11. HP: -13/49 MP: 15/15
 23001 | Orc:2    | Noticed Snorg
 23010 | Orc:2    | Killed Snorg
 23068 | Orc:2    | Found a staircase to the Elven Halls.
 23113 | Orc:2    | Noticed an orc sorcerer
 23118 | Orc:2    | Killed an orc sorcerer
 23140 | Elf:1    | Entered Level 1 of the Elven Halls
 23140 | Elf:1    | Noticed a +1 battleaxe of freezing
 23265 | Orc:2    | Noticed an orc sorcerer
 23266 | Orc:2    | Found Mus Wir's Magic Scroll Boutique.
 23266 | Orc:2    | Found Juggasmaa's Antique Weapon Shoppe.
 23266 | Orc:2    | Noticed an orc sorcerer
 23276 | Orc:2    | Killed an orc sorcerer
 23277 | Orc:2    | Reached skill level 13 in Dodging
 23277 | Orc:2    | Killed an orc sorcerer
 23507 | Orc:2    | Bought a scroll of fear for 60 gold pieces
 23507 | Orc:2    | Bought a scroll of teleportation for 45 gold pieces
 23507 | Orc:2    | Bought a scroll of teleportation for 45 gold pieces
 23508 | Orc:2    | Bought a scroll of identify for 30 gold pieces
 23508 | Orc:2    | Bought a scroll of identify for 30 gold pieces
 23536 | Orc:2    | Noticed an orc sorcerer
 23561 | Orc:2    | Killed an orc sorcerer
 23694 | Orc:2    | Noticed an orc sorcerer
 23704 | Orc:2    | Killed an orc sorcerer
 23793 | Orc:2    | Found Ytutub's Distillery.
 23793 | Orc:2    | Found Waul Xist's Jewellery Shoppe.
 23799 | Orc:2    | Bought a potion of heal wounds for 75 gold pieces
 23799 | Orc:2    | Bought a potion of invisibility for 120 gold pieces
 23799 | Orc:2    | Bought a potion of heal wounds for 75 gold pieces
 23799 | Orc:2    | Bought a potion of heal wounds for 75 gold pieces
 23808 | Orc:2    | Bought a +5 ring of evasion for 540 gold pieces
 23830 | Orc:2    | Killed an orc sorcerer
 23830 | Orc:2    | Reached ****** piety under Wu Jian
 23831 | Orc:2    | Reached skill level 14 in Dodging
 23980 | Orc:2    | Noticed an orc sorcerer
 23981 | Orc:2    | Noticed an orc knight
 24015 | Orc:2    | Killed an orc sorcerer
 24016 | Orc:2    | Reached XP level 12. HP: 38/53 MP: 8/16
 25337 | Orc:1    | Found Feocibliuzi's Assorted Antiques.
 25345 | Orc:1    | Reached skill level 15 in Dodging
 25409 | Orc:1    | Bought a scroll of teleportation for 111 gold pieces
 25480 | Orc:1    | Found a shimmering altar of Xom.
 25547 | Orc:1    | Paralysed by an orc sorcerer for 3 turns
 25549 | Orc:1    | Mangled by an orc warrior

Illustrated notes

Levels and vault maps discovered:
D:1:      lemuel_arrival_funnel, layout_basic
D:2:      kennysheep_six_static_rooms, layout_basic, uniq_sigmund
D:3:      minmay_goblin_kobold_castle, layout_rooms, general_overflow_altar,
          mainiacjoe_overflow_concentric_impassable, ashenzari_altar_1,
          serial_shops, shop_scrolls, patterned_corridor,
          uniq_crazy_yiuf_cottage
D:4:      layout_rooms, mainiacjoe_overflow_alcove_2, uniq_edmund, uniq_grinder
D:5:      layout_basic, serial_shops, kennysheep_mini_moat,
          ebering_ghost_sewer_d, chequers_serial_rivers_large_a, uniq_pikel
D:6:      layout_rooms, nicolae_tso_besieged_by_evil,
          minmay_temple_entry_steel_oval, uniq_eustachio, uniq_prince_ribbit1
D:7:      layout_basic, serial_shops, nicolae_shop_bloodbath_and_beyond,
          serial_bayou_pond_e
D:8:      layout_loops_ring, gammafunk_temple_overflow_arena,
          cheibriados_altar_1, nicolae_kikubaaqudgha_miasma_corner,
          dpeg_oklobed_lair, serial_shops, shop, minivault_24
D:9:      cheibrodos_wizards_tower, layout_loops_cross, trog_book,
          amcnicky_altar_gilded, ploomutoo_gammafunk_ghost_potion_laboratory,
          serial_glass, glass_columns_a, glass_columns_c, glass_columns_b,
          glass_columns_a, uniq_psyche
D:10:     layout_rooms, nicolae_overflow_hidden_temple,
          kennysheep_orc_monster_closet_entryway
Temple:   nicolae_temple_ecumenical_triangle
Lair:1:   layout_long_grid, worms_lemuel, serial_bayou_shore_b,
          grunt_megastairs_5
Lair:2:   layout_cave_shapes, lemuel_fruit_fields, infiniplex_staircase_pool
Lair:3:   layout_cave_pods, minmay_swamp_entry_worms,
          minmay_snake_entry_spellcaster
Lair:4:   layout_cave_shapes
Lair:5:   minmay_lair_end_enchanted_forest, layout_loops_ring,
          dpeg_slime_entry_corner, lemuel_fruit_tree,
          infiniplex_staircase_pool_2
Orc:1:    layout_diamond_mine, basic_altar, serial_shops, shop, shop_fountains,
          chequers_guarded_unrand_ignorance
Orc:2:    st_orc_town, layout_caves, basic_altar, uniq_snorg
Elf:1:    eino_elf_arrival_shootout, layout_rooms, basic_altar,
          kennysheep_underground_church, uniq_louise, uniq_kirke

Skill      XL: |  1  2  3  4  5  6  7  8  9 10 11 12 |
---------------+-------------------------------------+-----
Unarmed Combat | 1 2 4 5 6 7 8 10 13 14 | 14.2
Stealth        | 4 6 10 12 | 12.0
Dodging        | 4 6 7 9 10 14 15 | 15.0
Fighting       | 2 3 5 6 |  6.7
Hexes          | 5 9 10 | 10.0
Ice Magic      | 2 |  2.0
Spellcasting   | 2 |  2.0
Translocations | 5 7 |  7.2
Evocations     | |  3.7

Action                     |  1- 3 |  4- 6 |  7- 9 | 10-12 || total
---------------------------+-------+-------+-------+-------++-------
  Melee: Unarmed           |    81 |   230 |   280 |   589 ||  1180
         Bite              |     5 |    14 |    36 |    55 ||   110
         Punch             |     1 |     5 |    17 |    41 ||    64
   Cast: Ensorcelled Hiber |       |       |    37 |   180 ||   217
         Inner Flame       |       |       |     3 |    20 ||    23
         Manifold Assault  |       |       |       |    10 ||    10
         Apportation       |       |       |       |     1 ||     1
Ability: Lunge             |       |       |    26 |   115 ||   141
         Whirlwind         |       |       |     1 |   164 ||   165
  Evoke: Wand              |     7 |       |    39 |    21 ||    67
    Use: Potion            |       |     1 |     1 |    10 ||    12
         Scroll            |       |       |    10 |    18 ||    28
   Stab: Sleeping          |     2 |     8 |    29 |    88 ||   127
         Distracted        |       |     2 |     3 |     8 ||    13
         Paralysed         |       |       |       |     1 ||     1
 Armour: Skin              |     3 |    15 |     8 |    10 ||    36
  Dodge: Dodged            |    63 |   220 |   209 |   500 ||   992

Table legend: (Time is in decaauts)
 A = Elapsed time spent in this place.
 B = Non-inter-level travel time spent in this place.
 C = Inter-level travel time spent in this place.
 D = Time resting spent in this place.
 E = Time spent auto-exploring this place.
 F = Levels seen in this place.
 G = Mean time per level.
                   A        B        C        D        E       F      G
               +--------+--------+--------+--------+--------+-----+--------+
         Total |  22189 |  21149 |   1040 |   5743 |   9838 |  20 | 1109.4 |
       Dungeon |  12957 |  12373 |    584 |   3313 |   5950 |  10 | 1295.7 |
        Temple |     72 |     59 |     13 |      3 |     14 |   1 |   72.0 |
          Lair |   6112 |   5777 |    335 |   1708 |   2851 |   5 | 1222.4 |
  Orcish Mines |   2799 |   2693 |    106 |    704 |   1021 |   2 | 1399.5 |
   Elven Halls |      1 |      1 |      0 |      0 |      0 |   1 |    1.0 |
         Abyss |    245 |    245 |      0 |     14 |      0 |   1 |  245.0 |
               +--------+--------+--------+--------+--------+-----+--------+

Top non-repeatable levels by time:
  Lair:2: 2487 daAuts
     D:9: 2273 daAuts
   Orc:2: 2112 daAuts
     D:3: 2014 daAuts
     D:1: 1845 daAuts
  Lair:3: 1787 daAuts
    D:10: 1601 daAuts
  Lair:4: 1464 daAuts
     D:5: 1204 daAuts
     D:2: 1094 daAuts
     D:8: 953 daAuts
     D:6: 701 daAuts
   Orc:1: 687 daAuts
     D:4: 664 daAuts
     D:7: 605 daAuts
